 Dungeon Crawl Stone Soup version 0.23-a0-419-g0174fd8 (webtiles) character file.

529 Think the Bolt Thrower (level 7, -1/35 HPs)
             Began as a Vine Stalker Hunter on Nov 12, 2018.
             Slain by a gnoll
             ... wielding a +0 halberd
              (5 damage)
             ... on level 5 of the Dungeon.
             The game lasted 00:08:11 (3661 turns).

Think the Bolt Thrower (Vine Stalker Hunter)        Turns: 3661, Time: 00:08:12

Health: -1/35      AC: 10    Str: 21    XL:     7   Next: 23%
Magic:  0/8        EV:  6    Int: 11    God:
Gold:   197        SH:  0    Dex: 15    Spells: 6/6 levels left

rFire    . . .     SeeInvis .   s - +0 short sword
rCold    + . .     Gourm    .   (no shield)
rNeg     . . .     Faith    .   w - +0 plate armour
rPois    .         Spirit   +   (no helmet)
rElec    .         Reflect  .   (no cloak)
rCorr    .         Harm     .   (no gloves)
MR       .....                  (no boots)
Stlth    ..........             (no amulet)
HPRegen  0.51/turn              p - ring of protection from cold
MPRegen  0.11/turn              (no ring)

@: mighty, lethally poisoned (-1 -> -1)
A: fangs 2, regeneration 1, magic shield, antimagic bite, no potion heal 3, rot
immunity
a: no special abilities


You were on level 5 of the Dungeon.
You were hungry.

You visited 1 branch of the dungeon, and saw 5 of its levels.

You collected 197 gold pieces.

Inventory:

Hand Weapons
 a - a +1 hand crossbow
 s - a +0 short sword (weapon)
Missiles
 d - 4 bolts
Armour
 c - a +0 leather armour
 w - a +0 plate armour (worn)
Jewellery
 p - a ring of protection from cold (left hand)
Scrolls
 g - 2 scrolls of random uselessness {unknown}
 h - 9 scrolls of identify
 i - a scroll of enchant weapon {unknown}
 l - a scroll of immolation {unknown}
 n - 2 scrolls of enchant armour {unknown}
 o - 2 scrolls of remove curse
 q - a scroll of teleportation
 t - a scroll of blinking {unknown}
Potions
 b - a potion of cancellation {unknown}
 e - a potion of degeneration
 j - a potion of invisibility
 m - 2 potions of curing {unknown}
 r - 2 potions of heal wounds
 u - a potion of flight {unknown}
 v - a potion of lignification {unknown}
Comestibles
 f - 13 rations


   Skills:
 + Level 2.2 Fighting
 + Level 1.1 Short Blades
 + Level 7.4 Crossbows
 - Level 1.5 Dodging
 - Level 1.2 Stealth


You had 6 spell levels left.
You didn't know any spells.
Your spell library was empty.

Dungeon Overview and Level Annotations

Branches:
Dungeon (5/15)
 Temple: D:4-7

Altars:


Innate Abilities, Weirdness & Mutations

You have extremely sharp teeth.
Your natural rate of healing is unusually fast.
When hurt, damage is shared between your health and your magic reserves.
Your bite disrupts and absorbs the magic of your enemies.
Potions cannot restore your health.
You are immune to rotting.


Message History

You feel sick.
The quokka bites you but does no damage.
You closely miss the quokka.
The quokka twitches its whiskers.
The quokka bites you.
* * * LOW HITPOINT WARNING * * *
The gnoll hits you but does no damage.
It was a potion of heal wounds.
That seemed strangely inert.
You feel sick.
The quokka bites you but does no damage.
The gnoll hits you from afar with a +0 halberd.
* * * LOW HITPOINT WARNING * * *
You hit the quokka.
You kill the quokka!
The gnoll hits you but does no damage. x2
You see here a gnoll corpse.
You hit the gnoll. You bite the gnoll!
You kill the gnoll!
You feel sick.
The gnoll hits you from afar with a +0 halberd!
You die...

............ #...........
#........... #..........
#......... #.....(# #
#.....(#########
...#######g....†.........
........@)g...##........[
...##########............
####>........ #.........
#......... ##########


You could see 2 gnolls.

Vanquished Creatures
  2 bullfrogs (D:2)
  A howler monkey (D:5)
  A crimson imp (D:2)
  Jessica (D:2)
  4 worker ants
  8 adders
  2 gnolls (D:5)
  An ooze (D:2)
  2 worms
  2 dart slugs
  5 leopard geckos
  5 orcs
  2 ball pythons
  6 giant cockroaches
  13 goblins
  8 hobgoblins
  4 jackals
  10 kobolds
  2 quokkas
  12 bats
  7 frilled lizards
  A jackal skeleton (D:4)
  A quokka skeleton (D:4)
  3 rats
103 creatures vanquished.

Notes
Turn   | Place    | Note
-------+----------+-------------------------------------------
     0 | D:1      | Think the Vine Stalker Hunter began the quest for the Orb.
     0 | D:1      | Reached XP level 1. HP: 11/11 MP: 2/2
   184 | D:1      | Reached skill level 4 in Crossbows
   184 | D:1      | Reached XP level 2. HP: 15/15 MP: 3/3
   652 | D:2      | Reached XP level 3. HP: 18/18 MP: 4/4
   880 | D:2      | Reached skill level 5 in Crossbows
   880 | D:2      | Gained mutation: Your natural rate of healing is unusually
                  | fast. [Vine Stalker growth]
   880 | D:2      | Reached XP level 4. HP: 23/23 MP: 5/5
   970 | D:2      | Noticed Jessica
   973 | D:2      | Killed Jessica
   973 | D:2      | Reached XP level 5. HP: 26/26 MP: 6/6
  1185 | D:2      | Reached skill level 6 in Crossbows
  1186 | D:2      | HP: 1/26 [kobold/+0 short sword (3)]
  1192 | D:2      | HP: 1/26 [kobold/+0 short sword (2)]
  1474 | D:2      | Reached XP level 6. HP: 14/30 MP: 4/7
  2079 | D:3      | Reached skill level 7 in Crossbows
  3468 | D:4      | Reached XP level 7. HP: 32/34 MP: 8/8
  3594 | D:5      | Entered Level 5 of the Dungeon
  3645 | D:5      | Reached skill level 1 in Short Blades
  3661 | D:5      | Slain by a gnoll

Vault maps used:
D:1:      saegor_arrival_under_anarchy
D:2:      st_stairs_14, minmay_divided_ellipse, uniq_jessica
D:4:      first_ration
D:5:      grunt_gozag_statues, kennysheep_mini

Skill      XL: |  1  2  3  4  5  6  7 |
---------------+----------------------+-----
Crossbows      | 4 5 6 7 |  7.4
Fighting       | 2 |  2.2
Short Blades   | 1 |  1.1
Dodging        | |  1.5
Stealth        | |  1.2

Action                   |  1- 3 |  4- 6 |  7- 9 || total
-------------------------+-------+-------+-------++-------
Melee: Short sword       |       |   201 |    14 ||   215
       Bite              |       |    58 |     3 ||    61
 Fire: Hand crossbow     |    67 |    42 |     6 ||   115
  Use: Potion            |       |     1 |     2 ||     3
       Scroll            |       |     5 |       ||     5
 Stab: Sleeping          |       |     5 |       ||     5
  Eat: Chunk             |       |     8 |       ||     8
Armor: Leather armour    |    11 |    42 |       ||    53
       Plate armour      |       |    29 |    26 ||    55
Dodge: Dodged            |    19 |   136 |    15 ||   170

Table legend:
 A = Non-vault XP
 B = Vault XP
 C = Vault XP percentage of total XP
 D = Non-vault monster count
 E = Vault monster count
 F = Vault count percentage of total count
                 A         B        C        D         E       F
            +---------+---------+-------+---------+---------+-------
      Total |     592 |     164 |  21.7 |      89 |      14 |  13.6
            +---------+---------+-------+---------+---------+-------
        D:1 |      26 |       0 |   0.0 |      17 |       0 |   0.0
        D:2 |     233 |     164 |  41.3 |      26 |      14 |  35.0
        D:3 |      89 |       0 |   0.0 |      26 |       0 |   0.0
        D:4 |     109 |       0 |   0.0 |      11 |       0 |   0.0
        D:5 |     135 |       0 |   0.0 |       9 |       0 |   0.0
            +---------+---------+-------+---------+---------+-------
